 Dungeon Crawl Stone Soup version 0.28.0-53-g5a82cb258f (webtiles) character file.

Game seed: 9233221132406902251

84 Peloso the Covered (level 4, 0/40 HPs)
             Began as a Minotaur Fighter on July 15, 2022.
             Killed by nerve-wracking pain
             ... invoked by Grinder
              (13 damage)
             ... on level 3 of the Dungeon.
             The game lasted 00:02:37 (1882 turns).

Peloso the Covered (Minotaur Fighter)               Turns: 1882, Time: 00:02:38

Health: 0/40       AC:  8    Str: 20    XL:     4   Next: 24%
Magic:  3/3        EV:  9    Int:  5    God:
Gold:   46         SH:  5    Dex: 12    Spells: 3/3 levels left

rFire   . . .      SeeInvis .   a - +0 long sword
rCold   . . .      Faith    .   c - +0 buckler
rNeg    . . .      Spirit   .   b - +0 scale mail
rPois   .          Reflect  .   (helmet restricted)
rElec   .          Harm     .   (no cloak)
rCorr   .          Rampage  .   (no gloves)
Will    .....                   j - +0 pair of boots
Stlth   ..........              (no amulet)
HPRegen 0.13/turn               (no ring)
MPRegen 0.08/turn               (no ring)

@: no status effects
A: horns 2, retaliatory headbutt
a: no special abilities


You were on level 3 of the Dungeon.
You visited 1 branch of the dungeon, and saw 3 of its levels.

You collected 46 gold pieces.

Inventory:

Hand Weapons
 a - a +0 long sword (weapon)
Armour
 b - a +0 scale mail (worn)
 c - a +0 buckler (worn)
 j - a +0 pair of boots (worn)
Jewellery
 g - a +6 ring of intelligence
Scrolls
 h - 2 scrolls of holy word
 i - a scroll of magic mapping {unknown}
 k - a scroll of torment {unknown}
 l - a scroll of teleportation {unknown}
Potions
 d - 2 potions of might
 f - a potion of curing {unknown}


   Skills:
 + Level 4.2 Fighting
 + Level 3.1 Long Blades
 + Level 4.8 Armour
 + Level 0.4 Dodging
 + Level 4.2 Shields


You had 3 spell levels left.
You didn't know any spells.
Your spell library contained the following spells:

 Spells                   Type           Power      Damage    Failure   Level
 Slow                     Hex            0%         N/A       88%         1
 Confusing Touch          Hex            0%         N/A       99%         3
 Vampiric Draining        Necr           0%         2d6       99%         3


Dungeon Overview and Level Annotations

Branches:
Dungeon (3/15)

Altars:

Annotations:
D:3 Grinder


Innate Abilities, Weirdness & Mutations

You have a pair of horns on your head.
You reflexively headbutt those who attack you in melee.


Message History

The ball python hisses angrily.
Grinder gestures at you.
You barely resist. You hit Grinder.
Grinder is lightly wounded.
You block Grinder's attack.
The ball python bites you but does no damage.
The ball python grabs you. The ball python constricts you.
Grinder hits you but does no damage.
You hit Grinder.
Grinder is moderately wounded.
The ball python bites you but does no damage.
The ball python constricts you.
Grinder blinks!
The ball python bites you. The ball python constricts you.
You escape the ball python's grasp.
You hit the ball python.
You kill the ball python!
You see here a ball python corpse.
Grinder hits you but does no damage.
You barely miss Grinder. You headbutt Grinder!
Grinder is heavily wounded.
Grinder gestures at you.
You barely resist. You hit Grinder.
Grinder is heavily wounded.
Grinder hits you but does no damage. Grinder gestures at you.
You barely resist. You barely miss Grinder.
Grinder is heavily wounded.
Grinder hits you!
* * * LOW HITPOINT WARNING * * *
You barely miss Grinder.
Grinder is heavily wounded.
You block Grinder's attack.
You barely miss Grinder.
Grinder is heavily wounded.
Grinder gestures at you. Pain shoots through your body!
You die...

#..# .. #..#
..####..##.# ..#
....#.# #+#.# ...#.#
####...####..#.#
#.......#....#.#
#.......#.#†##.#
#.........#@##.###
#......#..#5##...# #.
#......#.......#.# #.
#......##.#.##.#.#
#.####......##.#.##.#.#
..........####......#.#
..........# #..)####.#
..........# #...####.#
..........# #........#


You could see Grinder.

Vanquished Creatures
  4 adders
  5 bats
  2 endoplasms
  5 hobgoblins
  8 jackals (D:1)
  5 kobolds
  A quokka (D:1)
  4 ball pythons
  4 frilled lizards
  5 goblins
  A rat (D:1)
44 creatures vanquished.

Notes
Turn   | Place    | Note
-------+----------+-------------------------------------------
     0 | D:1      | Peloso the Minotaur Fighter began the quest for the Orb.
     0 | D:1      | Reached XP level 1. HP: 19/19 MP: 0/0
     6 | D:1      | Noticed an iguana
     6 | D:1      | Noticed a black bear
     6 | D:1      | Noticed a six-headed hydra
     7 | D:1      | Noticed a scorpion
     7 | D:1      | Noticed a wolf
   314 | D:1      | Reached XP level 2. HP: 25/27 MP: 1/1
   896 | D:1      | Reached XP level 3. HP: 33/33 MP: 2/2
   927 | D:1      | Found a faded altar of an unknown god.
  1726 | D:3      | Reached XP level 4. HP: 40/40 MP: 3/3
  1835 | D:3      | Noticed Grinder
  1857 | D:3      | Paralysed by Grinder for 3 turns
  1882 | D:3      | Killed from afar by Grinder

Illustrated notes

Levels and vault maps discovered:
D:1:      onia_arrival_zoo_common, layout_loops_ring,
          dilly_ecumenical_altar_fadedgnrine
D:2:      layout_rooms
D:3:      layout_basic, minmay_misc_feat_columns, kennysheep_generic_room_11,
          uniq_grinder, uniq_crazy_yiuf_cottage

Skill      XL: |  1  2  3 |
---------------+----------+-----
Armour         | 4 |  4.8
Fighting       | 4 |  4.2
Shields        | 4 |  4.2
Long Blades    | 3 |  3.1
Dodging        | |  0.4

Action                   |  1- 3 |  4- 6 || total
-------------------------+-------+-------++-------
Melee: Long sword        |   100 |    23 ||   123
       Headbutt          |    10 |     3 ||    13
  Use: Scroll            |     2 |       ||     2
Armor: Scale mail        |    53 |    11 ||    64
Dodge: Dodged            |    49 |     6 ||    55
Block: Buckler           |    31 |     5 ||    36
